 Dungeon Crawl Stone Soup version 0.29.1-15-g9cfb28693d (webtiles) character file.

Game seed: 10329234541823908980

122754 suse60 the Warrior (level 15, -3/150 (155) HPs)
             Began as a Demigod Fighter on Mar 13, 2023.
             Slain by a shadow demon (9 damage)
             ... summoned by a dread lich
             ... while paralysed
             ... on level 2 of the Abyss on Mar 22, 2023.
             The game lasted 02:42:35 (22005 turns).

suse60 the Warrior (Demigod Fighter)               Turns: 22005, Time: 02:42:35

HP:   -3/150 (155)  AC: 26    Str: 37    XL:     15   Next: 88%
MP:   18/18         EV:  2    Int:  0    God:
Gold: 566           SH:  0    Dex: 25    Spells: 13/14 levels left

rFire   + . .      SeeInvis .   a - +5 war axe (freeze)
rCold   + + .      Faith    .   f - +1 buckler {rC+}
rNeg    . . .      Spirit   .   L - +4 plate armour {rF+}
rPois   .          Reflect  +   (helmet restricted)
rElec   .          Harm     .   r - +1 cloak "Tyokehu" {Str+4 Dex+2}
rCorr   +          Rampage  .   K - +2 pair of gloves of Vlad {*Corrode +Blink Regen+ Int-2}
Will    +....      Clarity  +   j - +3 pair of mountain boots {steadfast, rC+}
Stlth   ..........              T - amulet of Uluwiupe {Reflect rCorr Str+4 Int-4 SH+5 Stlth+}
HPRegen 1.15/turn               I - +6 ring of dexterity
MPRegen 0.16/turn               m - +4 ring of evasion

@: paralysed, about to teleport, slowed, lost intelligence, lightly drained,
unable to read
A: high MP 1, forlorn, divine attributes, beak, clarity, [clumsy 2], [dopey 2],
screaming 1[+1], [no potion heal 2], [subdued magic 2]
a: Evoke Blink


You were on level 2 of the Abyss.
You visited 4 branches of the dungeon, and saw 23 of its levels.
You visited the Abyss 1 time.
You also visited: Sewer, Ossuary, Bailey and Ice Cave.

You collected 3298 gold pieces.
You spent 2732 gold pieces at shops.

Inventory:

Hand Weapons
 a - a +5 war axe of freezing (weapon)
 i - a +3 scimitar of flaming
Armour
 f - a +1 buckler of cold resistance (worn)
 j - the +3 pair of mountain boots (worn) {steadfast, rC+}
   (You acquired it on level 2 of the Orcish Mines)

   It prevents involuntary movement, except for blinking, teleportation, or
   banishment.
   rC:        It protects you from cold.
 r - the +1 cloak "Tyokehu" (worn) {Str+4 Dex+2}
   (You found it on level 9 of the Dungeon)

   Str:       It affects your strength (+4).
   Dex:       It affects your dexterity (+2).
 K - the +2 pair of gloves of Vlad (worn) {*Corrode +Blink Regen+ Int-2}
   (You found it in a bailey)

   Int:       It affects your intelligence (-2).
   +Blink:    It lets you blink.
   Regen:     It increases your rate of health regeneration.
   *Corrode:  It may corrode you when you take damage.
 L - a +4 plate armour of fire resistance (worn)
Jewellery
 g - a ring of protection from cold
 m - a +4 ring of evasion (right hand)
 w - a ring of see invisible
 I - a +6 ring of dexterity (left hand)
 N - a ring of willpower
 Q - a +6 ring of strength
 T - the amulet of Uluwiupe (around neck) {Reflect rCorr Str+4 Int-4 SH+5 Stlth+}
   (You bought it in a shop on level 6 of the Dungeon)

   [amulet of reflection]

   It reflects blocked missile attacks.
   Str:       It affects your strength (+4).
   Int:       It affects your intelligence (-4).
   rCorr:     It protects you from acid and corrosion.
   SH:        It affects your SH (+5).
   Stlth:     It makes you more stealthy.
 U - the ring "Nicvo" {rPois rF+++ rN+ AC+4 Int-3}
   (You bought it in a shop on level 6 of the Dungeon)

   [ring of protection]

   AC:        It affects your AC (+4).
   Int:       It affects your intelligence (-3).
   rF:        It renders you almost immune to fire.
   rPois:     It protects you from poison.
   rN:        It protects you from negative energy.
Wands
 b - a wand of quicksilver (2)
 o - a wand of roots (5)
 q - a wand of digging (10)
 y - a wand of polymorph (5)
 C - a wand of paralysis (4)
 D - a wand of mindburst (9)
 E - a wand of flame (24)
Scrolls
 h - 5 scrolls of teleportation
 k - 6 scrolls of blinking
 t - 3 scrolls of poison
 u - a scroll of fog
 A - 4 scrolls of magic mapping
 B - 3 scrolls of identify
 O - 4 scrolls of fear
 R - 2 scrolls of summoning
Potions
 c - a potion of might
 e - 14 potions of curing
 n - a potion of berserk rage
 p - 9 potions of heal wounds
 s - 5 potions of flight
 v - a potion of magic
 x - 4 potions of invisibility
 z - 3 potions of haste
 H - a potion of resistance
Miscellaneous
 l - a phial of floods


   Skills:
 - Level 20.2 Fighting
 + Level 15.0 Axes
 - Level 5.9 Armour
 - Level 10.0 Dodging
 - Level 2.6 Shields


You had 13 spell levels left.
You knew the following spells:

 Your Spells              Type           Power      Damage    Failure   Level
a - Summon Small Mammal   Summ           0%         N/A       99%         1

Your spell library contained the following spells:

 Spells                   Type           Power      Damage    Failure   Level
 Apportation              Tloc           0%         N/A       99%         1
 Magic Dart               Conj           0%         1d3       99%         1
 Necrotise                Necr           0%         1d4       99%         1
 Slow                     Hex            0%         N/A       99%         1
 Call Imp                 Summ           0%         N/A       100%        2
 Static Discharge         Conj/Air       0%         3-3/arc   100%        2
 Sublimation of Blood     Necr           0%         N/A       100%        2
 Confusing Touch          Hex            0%         N/A       100%        3
 Mephitic Cloud           Conj/Pois/Air  0%         N/A       100%        3
 Vampiric Draining        Necr           0%         2d6       100%        3
 Anguish                  Hex/Necr       0%         N/A       100%        4
 Cause Fear               Hex            0%         N/A       100%        4
 Dispel Undead            Necr           0%         3d6       100%        4
 Olgreb's Toxic Radiance  Pois           0%         N/A       100%        4
 Petrify                  Tmut/Erth      0%         N/A       100%        4
 Sticky Flame             Conj/Fire      0%         2d3       100%        4
 Alistair's Intoxication  Tmut/Pois      0%         N/A       100%        5
 Freezing Cloud           Conj/Ice/Air   0%         6-21      100%        5
 Irradiate                Conj/Tmut      0%         3d11      100%        5
 Lightning Bolt           Conj/Air       0%         1d11      100%        5
 Summon Forest            Summ/Tloc      0%         N/A       100%        5
 Eringya's Noxious Bog    Tmut/Pois      0%         N/A       100%        6
 Simulacrum               Ice/Necr       0%         N/A       100%        6
 Dragon Form              Tmut           0%         N/A       100%        7
 Enfeeble                 Hex            0%         N/A       100%        7
 Ozocubu's Refrigeration  Ice            0%         4d7       100%        7
 Summon Hydra             Summ           0%         N/A       100%        7
 Ignition                 Fire           0%         3d3       100%        8
 Maxwell's Capacitive Co  Air            0%         ∞         100%        8
 Dragon's Call            Summ           0%         N/A       100%        9
 Polar Vortex             Ice            0%         N/A       100%        9


Dungeon Overview and Level Annotations

Branches:
Dungeon (15/15)            Temple (0/1) D:5            Lair (5/5) D:10
 Shoals (0/4) Lair:3        Snake (0/4) Lair:2        Slime (0/5) Lair:4
    Orc (2/2) D:11            Elf (0/3) Orc:2        Vaults (0/5) D:13
 Depths (1/4) D:15          Sewer (visited)         Ossuary (visited)
 Bailey (visited)           IceCv (visited)

Shops:
D:6 *![=?   D:8 (   D:11 [   D:12 !   Orc:1 (   Orc:2 **?:*[

Portals:
Pandemonium: Depths:1


Innate Abilities, Weirdness & Mutations

You have an increased reservoir of magic. (+10% MP)
You shall have no god before yourself.
Your divine heritage dramatically boosts your attributes as you level up.
You have a beak for a mouth.
You possess an exceptional clarity of mind.
[You are very clumsy. (Dex -4)]
[You are very dopey. (Int -4)]
[You frequently scream uncontrollably at your foes.]
[Potions cannot restore your health.]
[Your spells are easier to cast, but less powerful.]


Message History

The small abomination barely misses you.
You hit something but do no damage. Your peck misses something.
You slash the small abomination! You freeze the small abomination.
You closely miss the shadow demon. You closely miss the sixfirhy.
You slice the tormentor!! You freeze the tormentor.
Something touches you but does no damage.
The shadow demon hits you!
* * * LOW HITPOINT WARNING * * *
A starcursed mass splits.
The tormentor calls on the powers of darkness!
Your body is wracked with pain!
* * * LOW HITPOINT WARNING * * *
The small abomination completely misses you.
You closely miss something. You peck something. You hit the chaos spawn.
You freeze the chaos spawn. You slash the tormentor! You freeze the tormentor.
You kill the tormentor!
The tormentor disappears in a puff of smoke!
You slice the small abomination!! You freeze the small abomination!
You destroy the small abomination!
The small abomination dissolves into shadows!
You slash the shadow demon! You hit the sixfirhy but do no damage.
Something touches you.
* * * LOW HITPOINT WARNING * * *
You feel drained.
A starcursed mass splits.
You block the shadow demon's attack. The chaos spawn barely misses you.
You hit something. You slice the white imp!!
You kill the white imp!
The white imp dissolves into shadows!
You hit the shadow demon. You slice the sixfirhy!! You freeze the sixfirhy.
You slice the chaos spawn!! You freeze the chaos spawn.
You kill the chaos spawn!
The chaos spawn degenerates into a cloud of primal chaos!
The sixfirhy barely misses you.
The sixfirhy hits you but does no damage.
The wretched star pulses with an eldritch light!
You feel stupid. x2
You have lost your intelligence.
You hear some strange, mumbled words.
The shadow demon hits you!
You die...

###.#####...
....... #.#
#........##
#
#....~♣≈♣~#
~~ #....#.~~
###.##X.....
......X.31##
#X2@..#
####{§# #
*..#
..###.#. ##
...... # # #
..#.##. ...
.. # . ## .
.... ....#
## ..# . .
..#.# .


You could see 3 starcursed masses, an Ice Fiend (summoned), a wretched star, a
shadow demon (summoned) and a sixfirhy.

Vanquished Creatures
  Jorgrun (D:12)
  2 Ice Fiends (IceCv)
  A tentacled starspawn (Abyss:2)
  Kirke (D:15)
  The ghost of diceflayer the Warrior, an adept DsHu of Okawaru (Orc:2)
  2 stone giants
  A very ugly thing (IceCv)
  A black draconian (Abyss:2)
  Snorg (Orc:1)
  A fire dragon (Lair:5)
  Josephine (D:11)
  10 hydras
  Fannar (D:11)
  4 boulder beetles
  A vault guard (D:13)
  4 ogre magi (Orc:2)
  A rakshasa (D:15)
  8 centaur warriors
  An ice dragon (Lair:5)
  Harold (D:9)
  Erolcha (D:9)
  A catoblepas (Lair:4)
  Erica (D:9)
  3 tengu warriors
  18 two-headed ogres
  A deep troll shaman (Depths:1)
  A death yak (Lair:5)
  A deep troll earth mage (Depths:1)
  3 thrashing horrors (Abyss:2)
  Nergalle (D:10)
  A sixfirhy (Abyss:2)
  Lodul (D:10)
  4 skeletal warriors (D:15)
  An iron troll (Depths:1)
  A swamp dragon (Lair:5)
  4 spriggan simulacra (IceCv)
  An orange crystal statue (IceCv)
  An obsidian statue (IceCv)
  A deep elf archer (D:14)
  A wizard (D:14)
  2 lindwurms
  3 orc knights
  5 deep elf pyromancers
  11 ugly things
  An oklob plant (Lair:4)
  2 manticores
  13 elephants (Lair:5)
  11 cyclopes
  A moth of wrath (shapeshifter) (D:14)
  A black mamba (Lair:3)
  Joseph (D:10)
  6 torpor snails (Lair:5)
  10 cane toads
  Maggie (D:7)
  3 rime drakes (Lair:5)
  2 ice devils (IceCv)
  3 komodo dragons
  An anaconda simulacrum (IceCv)
  6 freezing wraiths (IceCv)
  3 efreet
  A hellwing (Abyss:2)
  2 tengu conjurers
  4 tyrant leeches (Lair:5)
  4 merfolk (Lair:3)
  10 trolls
  Prince Ribbit (D:9)
  A meliai (D:14)
  2 small abominations (Abyss:2)
  3 polar bears
  9 hornets
  6 slime creatures
  8 blink frogs (Lair:3)
  A centaur simulacrum (D:13)
  2 vampires
  5 wraiths
  6 wyverns
  A large abomination (Abyss:2)
  2 hogs (D:15)
  42 yaks
  A yak (shapeshifter) (D:15)
  A dire elephant simulacrum (IceCv)
  4 basilisks
  6 vampire mosquitoes (D:13)
  A warg (shapeshifter) (D:13)
  2 harpy simulacra (IceCv)
  7 wargs
  3 minotaur simulacra (IceCv)
  3 steam dragons (Lair:5)
  A hydra simulacrum (IceCv)
  12 water moccasins
  26 orc warriors
  4 ice beasts
  3 black bears
  6 starcursed masses (Abyss:2)
  33 ogres
  11 wolves
  14 centaurs
  A phantom (D:4)
  3 kobold brigands
  9 bullfrogs
  4 deep troll simulacra (IceCv)
  A gnoll sergeant (D:12)
  8 scorpions
  9 wights
  26 killer bees
  A lindwurm simulacrum (IceCv)
  6 howler monkeys
  2 gnoll boudas
  5 hounds
  A centaur zombie (Ossuary)
  9 orc priests
  A jelly (D:6)
  Crazy Yiuf (D:3)
  An iron imp (Abyss:2)
  Jessica (D:2)
  10 iguanas
  Ijyb (D:4)
  10 orc wizards
  4 scorpion zombies (Ossuary)
  3 mummies (Ossuary)
  Robin (D:3)
  12 gnolls
  8 adders
  6 river rats (Sewer)
  5 white imps
  An ufetubus (D:5)
  3 worms
  4 dart slugs
  87 orcs
  14 endoplasms
  5 giant cockroaches
  3 gnoll zombies (Ossuary)
  6 hobgoblins
  10 jackals
  34 kobolds
  3 quokkas
  14 ball pythons
  2 bats
  5 frilled lizards
  21 goblins
  2 goblin zombies (D:4)
  4 hobgoblin zombies (Ossuary)
  2 kobold zombies (Ossuary)
  5 orc zombies (Ossuary)
  22 rats
  A bush (Lair:4)
  3 starspawn tentacles (Abyss:2)
825 creatures vanquished.

Vanquished Creatures (others)
  A human (D:15)
  An orc wizard (D:9)
  7 fungi
  A lurking horror (Abyss:2)
  33 plants
  2 starspawn tentacles (Abyss:2)
45 creatures vanquished.

Grand Total: 870 creatures vanquished

Notes
Turn   | Place    | Note
-------+----------+-------------------------------------------
     0 | D:1      | suse60 the Demigod Fighter began the quest for the Orb.
     0 | D:1      | Reached XP level 1. HP: 18/18 MP: 3/3
    78 | D:1      | Reached skill level 3 in Fighting
    84 | D:1      | Reached XP level 2. HP: 19/26 MP: 4/4
   779 | D:2      | Reached XP level 3. HP: 31/31 MP: 5/5
   790 | D:2      | Noticed Jessica
   805 | D:2      | Killed Jessica
  1210 | D:2      | Reached XP level 4. HP: 40/40 MP: 6/6
  1597 | D:3      | Identified the +1 helmet of the Muttering Gods {rF+ rCorr}
  1597 | D:3      | Noticed Robin
  1610 | D:3      | Reached skill level 4 in Fighting
  1613 | D:3      | Killed Robin
  1861 | D:3      | Found a runed translucent door.
  1862 | D:3      | Noticed Crazy Yiuf
  2155 | D:3      | Killed Crazy Yiuf
  2156 | D:3      | Reached XP level 5. HP: 40/46 MP: 7/7
  2369 | D:4      | Found a sand-covered staircase.
  2377 | Ossuary  | Entered an ossuary
  2438 | Ossuary  | Reached skill level 5 in Fighting
  2438 | Ossuary  | Reached XP level 6. HP: 33/56 MP: 8/8
  2590 | Ossuary  | Reached skill level 5 in Axes
  2648 | Ossuary  | Reached XP level 7. HP: 49/62 MP: 9/9
  2653 | Ossuary  | Reached skill level 6 in Fighting
  2906 | D:4      | Identified the +10 dagger "Huthram" {freeze, rC+ Str+6
                  | Int-2 Dex+3}
  3037 | D:4      | Noticed Ijyb
  3046 | D:4      | Killed Ijyb
  3216 | D:4      | Gained mutation: Your movements are slightly less
                  | encumbered by armour. (ER -2) [potion of mutation]
  3216 | D:4      | Gained mutation: [Your spells are a little easier to cast,
                  | but a little less powerful.] [potion of mutation]
  3334 | D:4      | Learned a level 1 spell: Summon Small Mammal
  3424 | D:5      | Entered Level 5 of the Dungeon
  3719 | D:5      | Reached XP level 8. HP: 71/71 MP: 10/10
  3735 | D:5      | Found a staircase to the Ecumenical Temple.
  3746 | D:5      | Reached skill level 7 in Fighting
  4190 | D:6      | Found Ruklav's Distillery.
  4225 | D:6      | Found Otteafut's Armour Shoppe.
  4271 | D:6      | Reached skill level 8 in Fighting
  4311 | D:6      | Found a glowing drain.
  4329 | Sewer    | Entered a sewer
  4868 | D:6      | Learned a level 1 spell: Summon Small Mammal
  4986 | D:6      | Found Yxtuwk's Magic Scroll Shoppe.
  4997 | D:6      | Bought a scroll of identify for 28 gold pieces
  4997 | D:6      | Bought a scroll of enchant armour for 105 gold pieces
  5068 | D:6      | Found Qatuzua Koag's Jewellery Shoppe.
  5188 | D:6      | Reached XP level 9. HP: 74/82 MP: 11/11
  5211 | D:6      | Found Gyor's Assorted Antiques.
  5754 | D:7      | Reached skill level 9 in Fighting
  6424 | D:7      | Noticed Maggie
  6436 | D:7      | Killed Maggie
  6621 | D:8      | Reached skill level 10 in Fighting
  6931 | D:8      | Reached XP level 10. HP: 93/93 MP: 13/13
  7122 | D:8      | Reached skill level 10 in Axes
  7212 | D:8      | Noticed a two-headed ogre
  7220 | D:8      | Killed a two-headed ogre
  7279 | D:8      | Found Weisukla's Weapon Shop.
  7358 | D:9      | Noticed Harold
  7358 | D:9      | Noticed a two-headed ogre
  7359 | D:9      | Noticed Erica
  7417 | D:9      | Killed Harold
  7426 | D:9      | Killed a two-headed ogre
  7427 | D:9      | Reached skill level 11 in Fighting
  7439 | D:9      | Killed Erica
  7505 | D:9      | Identified the +1 cloak "Tyokehu" {Str+4 Dex+2}
  7754 | D:9      | Noticed Prince Ribbit
  7754 | D:9      | Noticed Erolcha
  7758 | D:9      | Killed Erolcha
  7759 | D:9      | Reached skill level 1 in Dodging
  7759 | D:9      | Reached XP level 11. HP: 104/104 MP: 14/14
  7763 | D:9      | Killed Prince Ribbit
  8053 | D:10     | Entered Level 10 of the Dungeon
  8215 | D:10     | Found a staircase to the Lair.
  8251 | D:10     | Found a flagged portal.
  8263 | Bailey   | Entered a bailey
  8375 | Bailey   | Noticed an orc knight
  8409 | Bailey   | Killed an orc knight
  8495 | Bailey   | Identified the +2 pair of gloves of Vlad {*Corrode +Blink
                  | Regen+ Int-2}
  8712 | D:10     | Reached skill level 5 in Armour
  8744 | D:10     | Noticed Nergalle
  8809 | D:10     | Killed Nergalle
  8860 | D:10     | Reached skill level 5 in Dodging
  8868 | D:10     | Identified the +5 robe of Nuisaed {+Blink}
  9089 | D:10     | Noticed Joseph
  9102 | D:10     | Killed Joseph
  9118 | D:10     | Noticed a seven-headed hydra
  9129 | D:10     | Killed a one-headed hydra
  9169 | D:10     | Noticed Lodul
  9183 | D:10     | Killed Lodul
  9507 | Lair:1   | Entered Level 1 of the Lair of Beasts
  9539 | Lair:1   | Noticed an eight-headed hydra
  9550 | Lair:1   | Killed a two-headed hydra
  9638 | Lair:1   | Noticed a four-headed hydra
  9647 | Lair:1   | Killed a one-headed hydra
  9648 | Lair:1   | Reached XP level 12. HP: 111/111 MP: 15/15
 10511 | Lair:2   | Reached skill level 10 in Dodging
 10544 | Lair:2   | Noticed a six-headed hydra
 10556 | Lair:2   | Killed a one-headed hydra
 10561 | Lair:2   | Reached skill level 12 in Fighting
 10836 | Lair:2   | Found a staircase to the Snake Pit.
 11326 | Lair:3   | Reached skill level 13 in Fighting
 11518 | Lair:3   | Noticed a boulder beetle
 11542 | Lair:3   | Killed a boulder beetle
 11650 | Lair:3   | Lost mutation: [Your spells are a little easier to cast,
                  | but a little less powerful.] [potion of mutation]
 11650 | Lair:3   | Lost mutation: Your movements are slightly less encumbered
                  | by armour. (ER -2) [potion of mutation]
 11650 | Lair:3   | Gained mutation: You occasionally lose the ability to read
                  | scrolls when taking damage. [potion of mutation]
 11650 | Lair:3   | Gained mutation: You are strong-willed. (Will+) [potion of
                  | mutation]
 11650 | Lair:3   | Gained mutation: Your mind is acute. (Int +4, Str/Dex -1)
                  | [potion of mutation]
 11650 | Lair:3   | Gained mutation: You have hidden genetic potential. [potion
                  | of mutation]
 11651 | Lair:3   | Lost mutation: You are strong-willed. (Will+) [potion of
                  | mutation]
 11651 | Lair:3   | Lost mutation: Your mind is acute. (Int +4, Str/Dex -1)
                  | [potion of mutation]
 11651 | Lair:3   | Lost mutation: You have hidden genetic potential. [potion
                  | of mutation]
 11651 | Lair:3   | Gained mutation: You are agile. (Dex +4, Str/Int -1)
                  | [potion of mutation]
 11651 | Lair:3   | Gained mutation: You are resistant to electric shocks.
                  | (rElec) [potion of mutation]
 11652 | Lair:3   | Lost mutation: You occasionally lose the ability to read
                  | scrolls when taking damage. [potion of mutation]
 11652 | Lair:3   | Lost mutation: You are agile. (Dex +4, Str/Int -1) [potion
                  | of mutation]
 11652 | Lair:3   | Lost mutation: You are resistant to electric shocks.
                  | (rElec) [potion of mutation]
 11652 | Lair:3   | Gained mutation: You passively map a small area around you.
                  | [potion of mutation]
 11652 | Lair:3   | Gained mutation: Your spells are a little harder to cast,
                  | but a little more powerful. [potion of mutation]
 11652 | Lair:3   | Gained mutation: Your mind is acute. (Int +4, Str/Dex -1)
                  | [potion of mutation]
 11653 | Lair:3   | Lost mutation: You passively map a small area around you.
                  | [potion of mutation]
 11653 | Lair:3   | Lost mutation: Your spells are a little harder to cast, but
                  | a little more powerful. [potion of mutation]
 11653 | Lair:3   | Lost mutation: Your mind is acute. (Int +4, Str/Dex -1)
                  | [potion of mutation]
 11653 | Lair:3   | Gained mutation: You have a pair of small horns on your
                  | head. [potion of mutation]
 11653 | Lair:3   | Gained mutation: You occasionally lose the ability to read
                  | scrolls when taking damage. [potion of mutation]
 11653 | Lair:3   | Gained mutation: Your movements are slightly less
                  | encumbered by armour. (ER -2) [potion of mutation]
 11653 | Lair:3   | Gained mutation: Your system is resistant to poisons.
                  | (rPois) [potion of mutation]
 11654 | Lair:3   | Lost mutation: Your movements are slightly less encumbered
                  | by armour. (ER -2) [potion of mutation]
 11654 | Lair:3   | Lost mutation: You occasionally lose the ability to read
                  | scrolls when taking damage. [potion of mutation]
 11654 | Lair:3   | Gained mutation: You are somewhat resistant to further
                  | mutation. [potion of mutation]
 11820 | Lair:3   | Found a staircase to the Shoals.
 12501 | Lair:4   | Noticed a catoblepas
 12520 | Lair:4   | Killed a catoblepas
 12521 | Lair:4   | Reached skill level 14 in Fighting
 12732 | Lair:4   | Reached XP level 13. HP: 29/124 MP: 3/16
 12917 | Lair:4   | Found a staircase to the Slime Pits.
 13418 | Lair:5   | Entered Level 5 of the Lair of Beasts
 13736 | Lair:5   | Reached skill level 15 in Fighting
 14422 | Lair:5   | Found a runed translucent door.
 14500 | Lair:5   | Reached skill level 16 in Fighting
 14522 | Lair:5   | Paralysed by a hornet for 2 turns
 15040 | Lair:5   | Lost mutation: You are somewhat resistant to further
                  | mutation. [potion of mutation]
 15040 | Lair:5   | Lost mutation: Your system is resistant to poisons. (rPois)
                  | [potion of mutation]
 15040 | Lair:5   | Lost mutation: You have a pair of small horns on your head.
                  | [potion of mutation]
 15040 | Lair:5   | Gained mutation: [You occasionally shout uncontrollably at
                  | your foes.] [potion of mutation]
 15040 | Lair:5   | Gained mutation: You have a beak for a mouth. [potion of
                  | mutation]
 15040 | Lair:5   | Gained mutation: You possess an exceptional clarity of
                  | mind. [potion of mutation]
 15378 | D:6      | Bought the amulet of Uluwiupe {Reflect rCorr Str+4 Int-4
                  | SH+5 Stlth+} for 635 gold pieces
 15378 | D:6      | Bought the ring "Nicvo" {rPois rF+++ rN+ AC+4 Int-3} for
                  | 1121 gold pieces
 15653 | D:11     | Found Gidgh's Armour Emporium.
 15654 | D:11     | Noticed Fannar
 15679 | D:11     | Killed Fannar
 15814 | D:11     | You fall into a shaft and drop 3 floors!
 15935 | D:14     | Reached skill level 17 in Fighting
 16038 | D:14     | Reached XP level 14. HP: 128/140 MP: 17/17
 16358 | D:13     | Identified the +8 ring mail of Pantheism {Str+5 Stlth+}
 16818 | D:11     | Found a staircase to the Orcish Mines.
 16871 | D:11     | Noticed Josephine
 16885 | D:11     | Killed Josephine
 17019 | Orc:1    | Entered Level 1 of the Orcish Mines
 17021 | Orc:1    | Noticed Snorg
 17036 | Orc:1    | Killed Snorg
 17140 | Orc:1    | Found Muygol's Antique Weapon Shoppe.
 17200 | Orc:1    | Reached skill level 18 in Fighting
 17423 | Orc:2    | Entered Level 2 of the Orcish Mines
 17423 | Orc:2    | Found a staircase to the Elven Halls.
 17835 | Orc:2    | Reached skill level 19 in Fighting
 18058 | Orc:2    | Found a runed translucent gate.
 18059 | Orc:2    | Found a runed translucent gate.
 18061 | Orc:2    | Found a runed translucent gate.
 18063 | Orc:2    | Found Jiat's Assorted Antiques.
 18063 | Orc:2    | Noticed diceflayer's ghost (adept DsHu)
 18065 | Orc:2    | Found Ahuosche's Assorted Antiques.
 18170 | Orc:2    | Found Mishrevvu's General Store.
 18170 | Orc:2    | Found Nafodd's Armour Emporium.
 18171 | Orc:2    | Found Dututai's Magic Scroll Shoppe.
 18171 | Orc:2    | Found Ratigicw's Book Boutique.
 18185 | Orc:2    | Bought a scroll of acquirement for 624 gold pieces
 18185 | Orc:2    | Bought a scroll of brand weapon for 114 gold pieces
 18186 | Orc:2    | Acquired the +3 pair of mountain boots {steadfast, rC+}
 18186 | Orc:2    | Found the +3 pair of mountain boots {steadfast, rC+}
 18211 | Orc:2    | Bought a scroll of enchant weapon for 105 gold pieces
 18346 | Orc:2    | Killed diceflayer's ghost
 18831 | D:12     | Found Raemuc's Distillery.
 18908 | D:12     | Noticed Jorgrun
 18981 | D:12     | Killed Jorgrun
 19370 | D:13     | Reached skill level 20 in Fighting
 19377 | D:13     | Reached XP level 15. HP: 155/155 MP: 18/18
 19771 | D:13     | Found a gate to the Vaults.
 20144 | D:15     | Entered Level 15 of the Dungeon
 20247 | D:15     | Found a frozen archway.
 20252 | IceCv    | Entered an ice cave
 20451 | IceCv    | Noticed an Ice Fiend
 20660 | IceCv    | Killed an Ice Fiend
 20754 | IceCv    | Noticed an Ice Fiend
 20775 | IceCv    | Killed an Ice Fiend
 21235 | D:15     | Noticed Kirke
 21254 | D:15     | Killed Kirke
 21517 | D:15     | Found a staircase to the Depths.
 21542 | Depths:1 | Entered Level 1 of the Depths
 21542 | Depths:1 | Found a one-way gate leading to the halls of Pandemonium.
 21665 | Abyss:2  | Cast into level 2 of the Abyss (a wizard)
 21946 | Abyss:2  | Noticed a tentacled starspawn
 21962 | Abyss:2  | Noticed a dread lich
 21977 | Abyss:2  | Noticed a tentacled starspawn
 21990 | Abyss:2  | Killed a tentacled starspawn
 21991 | Abyss:2  | Reached skill level 15 in Axes
 21998 | Abyss:2  | Paralysed by something for 3 turns
 22004 | Abyss:2  | HP: 5/152 [something (4)]
 22005 | Abyss:2  | Lost intelligence.
 22005 | Abyss:2  | Slain by a shadow demon

Illustrated notes

Levels and vault maps discovered:
D:1:      scummos_arrival_star, layout_rooms, hangedman_decor_slide_cut
D:2:      layout_basic, basic_altar, ebering_ecumenical_altar_mist,
          kennysheep_doodads, uniq_jessica
D:3:      layout_basic, hex_medium, uniq_robin, uniq_crazy_yiuf_cottage
D:4:      layout_basic, hangedman_ru_absence, nicolae_qazlal_eye_of_the_storm,
          enter_ossuary_4, minmay_misc_feat_roman, minmay_misc_feat_doors,
          minmay_puff, uniq_ijyb
D:5:      layout_basic, nicolae_hepliaklqana_hazy_memory, zin_statuary,
          minmay_temple_entry_stoned_glass, minmay_quadrilaterals
D:6:      layout_rooms, mainiacjoe_overflow_paths, portal_sewer_entry_a,
          serial_shops, nicolae_diamond_shop, shop, nicolae_stop_n_shop_1,
          nicolae_stop_n_shop_1, nicolae_inconvenience_store,
          nrook_loot_triangle, minmay_pentangle
D:7:      layout_gridville, mainiacjoe_overflow_alcove_2, uniq_maggie
D:8:      minmay_evil_eye, layout_gridville, serial_shops,
          nicolae_shop_advertising_works [nicolae_subvault_shop_adworks]
D:9:      layout_rooms, nemelex_diamond_rough_becter,
          mainiacjoe_overflow_concentric_impassable,
          nicolae_uskayaw_murder_on_the_dancefloor, vehumet_crystals,
          uniq_prince_ribbit1, uniq_harold, uniq_erolcha, uniq_erica
D:10:     minmay_tri_box, layout_irregular_city, mainiacjoe_overflow_catwalk,
          slow_altar_1, lemuel_doored_altar, kennysheep_mini_moat,
          lair_entry_dummy, enter_bailey_3, uniq_joseph, uniq_nergalle,
          uniq_lodul
D:11:     layout_rooms, hiddenorc1_lemuel, serial_shops, shop,
          chequers_serial_rivers_marsh, nicolae_zen_rock_garden,
          nicolae_gozag_seed_capital, uniq_josephine, uniq_fannar
D:12:     layout_cave_pools, serial_shops, nicolae_shop_behind_doors,
          uniq_jorgrun
D:13:     layout_cave_pods, david_vaults_5, minivault_19
D:14:     minmay_inside_and_out, layout_grid_maze, okawaru_gym_becter,
          yredelemnul_altar_generic
D:15:     grunt_enter_depths_snipers, layout_cross,
          portal_ice_cave_entry_pillars_three, nrook_mini_backslash, uniq_kirke
Lair:1:   layout_small_grid, grunt_megastairs_5, infiniplex_staircase_pool_2,
          serial_bayou_shore_b
Lair:2:   layout_cave_pods, dummy_snake_entry
Lair:3:   layout_cave_pods, elwin_shoals_entry_stream,
          nzn_masters_of_martial_movement, grunt_megastairs_4
Lair:4:   layout_loops_ring, slime_entry_1, minivault_11,
          minmay_lair_oklob_bushes, st_stairs_13
Lair:5:   wormcave, layout_cellular_growth, guppyfry_lair_end_dragon
Orc:1:    layout_caves, serial_shops, nicolae_shop_behind_doors, uniq_snorg
Orc:2:    st_orc_ogre_mass, layout_caves, ebering_ghost_gozag
Depths:1: layout_gridville, pan_entry, nicolae_concentric_dashed_squares_mild,
          hellmouth_3, nicolae_lava_and_water, tso_metal_star, minmay_shop_grove
Abyss:2:  base: D:11, evilmike_abyss_exit_16, hangedman_decor_lopped,
          evilmike_abyss_exit_kraken, spicy_abyss_planar_alliance,
          spicy_abyss_planar_alliance, abyss_furniture_001,
          hangedman_abyss_monster_moat

Skill      XL: |  1  2  3  4  5  6  7  8  9 10 11 12 13 14 15 |
---------------+----------------------------------------------+-----
Axes           | 2 3 4 5 6 8 9 11 15 | 15.0
Fighting       | 3 4 5 6 8 10 11 14 17 20 | 20.2
Armour         | 3 5 |  5.9
Dodging        | 1 8 10 | 10.0
Shields        | |  2.6

Action                   |  1- 3 |  4- 6 |  7- 9 | 10-12 | 13-15 || total
-------------------------+-------+-------+-------+-------+-------++-------
Melee: War axe           |    97 |   182 |   359 |   558 |  1204 ||  2400
       Scimitar          |       |       |       |    29 |    34 ||    63
       Headbutt          |       |       |       |    32 |    75 ||   107
       Peck              |       |       |       |       |   263 ||   263
Throw: Throwing net      |       |       |       |     1 |       ||     1
Evoke: Wand              |       |       |    12 |    18 |    19 ||    49
  Use: Scroll            |     6 |     2 |    19 |     8 |    12 ||    47
       Potion            |       |     1 |     2 |    10 |    11 ||    24
Armor: Scale mail        |    50 |    17 |       |     6 |       ||    73
       Chain mail        |       |    91 |   192 |    67 |       ||   350
       Plate armour      |       |       |       |   120 |   461 ||   581
Dodge: Dodged            |    43 |   101 |   214 |   423 |   826 ||  1607
Block: Buckler           |    15 |    39 |   101 |   154 |   644 ||   953
       Reflection        |       |       |       |       |    31 ||    31
